 Dungeon Crawl Stone Soup version 0.31-a0-1074-g0b22e4e0f1 (webtiles) character file.

Game seed: 12041213388985619160

102014 quinnr the Stormcaller (level 16, -15/110 HPs)
             Began as a Tengu Air Elementalist on Nov 26, 2023.
             Was a High Priest of Vehumet.
             Succumbed to a black mamba's poison
             ... on level 1 of the Snake Pit.
             The game lasted 01:32:09 (44113 turns).

quinnr the Stormcaller (Tengu Air Elementalist)    Turns: 44113, Time: 01:32:10

Health: -15/110    AC:  8    Str:  8    XL:     16   Next: 32%
Magic:  24/33      EV: 21    Int: 22    God:    Vehumet [*****.]
Gold:   627        SH:  5    Dex: 18    Spells: 6/39 levels left

rFire   + . .        n - staff of poison {!a}
rCold   + + +        (no shield)
rNeg    . . .        y - +0 leather armour "Zuifoh" {rElec rF+ rC+ Dex+4}
rPois   +            u - +1 hat
rElec   +            m - scarf {+Inv}
rCorr   +            C - +3 pair of gloves "Wixeram" {rPois rC++ Int-5 Slay+2}
SInv    +            (boots unavailable)
Will    +....        A - amulet of reflection
Stlth   ++++         v - ring of see invisible
HPRegen 0.38/turn    R - ring of resist corrosion
MPRegen 0.23/turn

%: reflection, acrobat
@: lethally poisoned (-15 -> -52), swift, flying, slowed
A: beak, talons 3, evasive flight, acrobatic, clever 1, robust 1
a: Renounce Religion, Evoke Invisibility


You were on level 1 of the Snake Pit.
You worshipped Vehumet.
Vehumet was extremely pleased with you.
You visited 5 branches of the dungeon, and saw 22 of its levels.
You visited 1 bazaar.
You also visited: Sewer and Bailey.

You collected 2486 gold pieces.
You spent 1859 gold pieces at shops.


Innate Abilities, Weirdness & Mutations

You have a beak for a mouth.
You have claws for feet.
Your magical flight helps you evade attacks. (EV +4)
You can magically evade attacks while moving or waiting.
Your mind is acute. (Int +4, Str/Dex -1)
You are robust. (+10% HP)


   Skills:
 - Level 11.0 Fighting
 - Level 10.0 Dodging
 - Level 9.0 Stealth
 - Level 12.0 Spellcasting
 - Level 7.0 Conjurations
 - Level 6.0 Summonings
 - Level 5.0 Transmutations
 - Level 5.0 Fire Magic
 - Level 7.0 Ice Magic
 - Level 15.0 Air Magic
 + Level 10.0 Poison Magic
 - Level 7.0 Evocations


You had 6 spell levels left.
You knew the following spells:

 Your Spells              Type           Power      Damage    Failure   Level
a - Airstrike             Air            34%        2d(5-21)  1%          4
f - Freezing Cloud        Conj/Ice/Air   27%        6-21      1%          5
i - Swiftness             Air            68%        N/A       1%          3
l - Summon Lightning Spi  Summ/Air       56%        N/A       1%          4
m - Mephitic Cloud        Conj/Pois/Air  74%        N/A       1%          3
p - Poisonous Vapours     Pois/Air       100%       N/A       1%          2
t - Static Discharge      Conj/Air       100%       3-8/arc   1%          2
z - Shock                 Conj/Air       100%       1d9       1%          1
X - Ignite Poison         Fire/Tmut/Pois 59%        N/A       1%          3
Y - Plasma Beam           Fire/Air       27%        2x1d40    5%          6

Your spell library contained the following spells:

 Spells                   Type           Power      Damage    Failure   Level
 Iskenderun's Battlesphe  Conj           44%        2d10      3%          5
 Sting                    Tmut/Pois      100%       1d8       1%          1
 Call Imp                 Summ           78%        N/A       1%          2
 Cigotuvi's Dreadful Rot  Necr/Pois/Air  100%       N/A       1%          2
 Dazzling Flash           Conj/Hex       56%        N/A       1%          3
 Stone Arrow              Conj/Erth      56%        3d10      1%          3
 Olgreb's Toxic Radiance  Pois           72%        N/A       1%          4
 Arcjolt                  Conj/Air       28%        1d38      1%          5
 Inner Flame              Hex/Fire       24%        N/A       2%          3
 Vhi's Electric Charge    Tloc/Air       92%        N/A       3%          4
 Iskenderun's Mystic Bla  Conj/Tloc      28%        2d7       4%          4
 Summon Guardian Golem    Hex/Summ       26%        N/A       6%          3
 Slow                     Hex            52%        N/A       7%          1
 Silence                  Hex/Air        23%        N/A       9%          5
 Yara's Violent Unravell  Hex/Tmut       12%        3d7       17%         5
 Animate Armour           Summ/Erth      52%        N/A       21%         4
 Confusing Touch          Hex            13%        N/A       22%         3
 Sigil of Binding         Hex            13%        N/A       22%         3
 Tukima's Dance           Hex            13%        N/A       22%         3
 Vampiric Draining        Necr           13%        2d6       22%         3
 Anguish                  Hex/Necr       6%         N/A       56%         4
 Cause Fear               Hex            6%         N/A       56%         4
 Dimensional Bullseye     Hex/Tloc       6%         N/A       56%         4
 Manifold Assault         Tloc           13%        N/A       56%         4
 Passage of Golubria      Tloc           13%        N/A       56%         4
 Agony                    Necr           13%        N/A       89%         5
 Dispersal                Tloc           6%         N/A       100%        6
 Orb of Destruction       Conj           22%        9d8       61%         7
 Spellforged Servitor     Conj/Summ      20%        N/A       67%         7
 Monstrous Menagerie      Summ           19%        N/A       99%         7
 Enfeeble                 Hex            6%         N/A       100%        7
 Disjunction              Tloc           6%         N/A       100%        8
 Lehudib's Crystal Spear  Conj/Erth      14%        10d5      100%        8

Inventory:

Hand Weapons
 h - a +1 dagger of speed
Missiles
 O - 9 javelins
Armour
 m - a scarf of invisibility (worn)
 u - a +1 hat (worn)
 y - the +0 leather armour "Zuifoh" (worn) {rElec rF+ rC+ Dex+4}
   (You bought it in a shop on level 5 of the Dungeon)

   Dex+4:     It affects your dexterity (+4).
   rF+:       It protects you from fire.
   rC+:       It protects you from cold.
   rElec:     It insulates you from electricity.
 C - the +3 pair of gloves "Wixeram" (worn) {rPois rC++ Int-5 Slay+2}
   (You bought it in a shop on level 2 of the Orcish Mines)

   Int-5:     It affects your intelligence (-5).
   Slay+2:    It affects your accuracy & damage with ranged weapons and melee
   (+2).
   rC++:      It greatly protects you from cold.
   rPois:     It protects you from poison
Magical Staves
 n - a staff of poison (weapon) {!a}
 B - a staff of cold {!a}
 F - a staff of death {!a}
Jewellery
 r - an amulet of faith {!P}
 v - a ring of see invisible (left hand)
 A - an amulet of reflection (around neck)
 P - a ring of poison resistance
 R - a ring of resist corrosion (right hand)
 T - a ring of protection from fire
Wands
 c - a wand of iceblast (18)
 w - a wand of flame (47)
 x - a wand of paralysis (35)
 E - a wand of mindburst (1)
 N - a wand of acid (3)
 W - a wand of digging (4)
Scrolls
 d - 3 scrolls of revelation
 g - 5 scrolls of fog
 j - a scroll of silence {unknown}
 l - 5 scrolls of teleportation {@r2}
 o - 2 scrolls of fear {unknown}
 q - 2 scrolls of blinking
 t - a scroll of poison
 z - 4 scrolls of immolation
 D - a scroll of amnesia {unknown}
 Q - 2 scrolls of noise {unknown}
 Y - 3 scrolls of identify {@r1}
Potions
 a - a potion of mutation
 b - 2 potions of magic
 e - 4 potions of invisibility
 f - 2 potions of ambrosia {unknown}
 i - 11 potions of curing {@q1}
 k - 3 potions of haste {@q3}
 p - 2 potions of might {unknown}
 s - 6 potions of enlightenment
 G - a potion of cancellation
 J - 2 potions of brilliance
 M - 4 potions of heal wounds {@q2}
 U - 2 potions of resistance
 V - 2 potions of berserk rage {!q}

Dungeon Overview and Level Annotations

Branches:
Dungeon (12/15)            Temple (1/1) D:7            Lair (5/5) D:11
  Swamp (0/4) Lair:2        Snake (2/4) Lair:3        Slime (0/5) Lair:4
    Orc (2/2) D:10            Elf (0/3) Orc:2         Sewer (visited)
 Bailey (visited)

Altars:
Ashenzari
Cheibriados
Dithmenos
Elyvilon
Fedhas
Gozag
Hepliaklqana
Kikubaaqudgha
Makhleb
Nemelex Xobeh
Okawaru
Qazlal
Ru
Sif Muna
Trog
Uskayaw
Vehumet
Wu Jian
Xom
Yredelemnul
Zin
The Shining One
Jiyva

Shops:
D:5 [[[   D:6 [   D:8 *   Orc:2 (:*[(

Portals:
Trove: D:10 (give +3 gold dragon scales)

Annotations:
D:5 3 runed translucent doors, Sundig's ghost, novice FoFi
D:6 1 runed translucent door, dialectric's ghost, novice TrSh
D:10 3 runed translucent doors, SirDiesAlot's ghost, journeyman OpEE
D:11 exclusion: downstairs
Lair:2 exclusion: downstairs
Snake:2 Roxanne

..#.▒▒▒...▒▒▒).....)......##.....
.##▒▒.......▒▒.##)).......##.#...
##▒▒.........▒▒.[.##....#.#..##..
▒▒...........▒▒<.##.#.......##..
▒▒...▒▒...▒▒...▒▒....#....##..#..
▒...▒▒▒.♣.▒▒▒...▒#)......#####...
▒..▒▒▒▒...▒▒▒▒.S▒▒........#####..
...▒ ▒.....▒▒▒.SS▒.......#.#.##..
>.♣▒ ▒..>..▒▒▒♣S@▒....#...##.##..
...▒ ▒.....▒▒▒SSS▒...####..#.##.#
▒..▒▒▒▒...▒▒▒▒..▒▒.#.#####...####
▒...▒▒▒.♣.▒▒▒...▒#.#.##..#...#
▒▒...▒▒...▒▒...▒▒.##....##...#
.▒▒...........▒▒...)..#.##...#
..▒▒.........▒▒#...#.##......##
...▒▒.......▒▒##..............##
.###▒▒▒...▒▒▒##................##


You could see 7 black mambas.


Message History

* * * LOW HITPOINT WARNING * * *
The black mamba is engulfed in freezing vapours.
The black mamba seems to slow down.
The black mamba bites you.
* * * LOW HITPOINT WARNING * * *
You are more poisoned.
The black mamba poisons you! The black mamba misses you.
The black mamba barely misses you. The black mamba bites you.
* * * LOW HITPOINT WARNING * * *
The black mamba is engulfed in freezing vapours.
The black mamba seems to slow down.
The black mamba bites you!
* * * LOW HITPOINT WARNING * * *
The black mamba bites you!
* * * LOW HITPOINT WARNING * * *
You are more poisoned.
The black mamba poisons you! The black mamba barely misses you.
The black mamba closely misses you.
The black mamba is engulfed in freezing vapours.
You kill the black mamba!
Vehumet accepts your kill.
You feel your power returning. The black mamba misses you.
The black mamba bites you.
* * * LOW HITPOINT WARNING * * *
The black mamba closely misses you.
The black mamba is engulfed in freezing vapours.
The black mamba barely misses you. The black mamba bites you!
* * * LOW HITPOINT WARNING * * *
The black mamba bites you but does no damage.
The black mamba misses you.
You fly upwards.
You die...

Skill      XL: |  1  2  3  4  5  6  7  8  9 10 11 12 13 14 15 16 |
---------------+-------------------------------------------------+-----
Air Magic      | 5 6 7 8 9 10 12 13 15 | 15.0
Fighting       | 1 3 4 5 7 8 9 11 | 11.0
Spellcasting   | 3 4 6 9 10 11 12 | 12.0
Conjurations   | 2 6 7 |  7.0
Dodging        | 3 6 8 10 | 10.0
Stealth        | 3 6 9 |  9.0
Evocations     | 5 7 |  7.0
Ice Magic      | 5 6 7 |  7.0
Poison Magic   | 6 9 10 | 10.0
Fire Magic     | 3 5 |  5.0
Transmutations | 2 5 |  5.0
Summonings     | 5 6 |  6.0

Action                     |  1- 3 |  4- 6 |  7- 9 | 10-12 | 13-15 | 16-18 || total
---------------------------+-------+-------+-------+-------+-------+-------++-------
  Melee: Unarmed           |     9 |       |       |       |       |       ||     9
         Peck              |     1 |     2 |       |     1 |    19 |     2 ||    25
         Kick              |     1 |     5 |       |     5 |    27 |     4 ||    42
         Dagger            |       |    19 |       |       |     1 |       ||    20
         Staff             |       |       |    11 |    13 |    54 |     6 ||    84
   Cast: Shock             |    88 |   185 |   149 |   197 |   113 |     6 ||   738
         Static Discharge  |       |     2 |     9 |    17 |    31 |     1 ||    60
         Airstrike         |       |     1 |    71 |   183 |   417 |    33 ||   705
         Swiftness         |       |       |     1 |     2 |    11 |     3 ||    17
         Freezing Cloud    |       |       |       |    43 |   134 |    28 ||   205
         Mephitic Cloud    |       |       |       |     3 |    43 |       ||    46
         Poisonous Vapours |       |       |       |       |   130 |       ||   130
         Ignite Poison     |       |       |       |       |    38 |       ||    38
         Plasma Beam       |       |       |       |       |    21 |    10 ||    31
         Summon Lightning  |       |       |       |       |    14 |     1 ||    15
  Evoke: Wand              |       |       |       |     2 |     2 |     5 ||     9
    Use: Potion            |       |     4 |     1 |     1 |       |       ||     6
         Scroll            |       |     4 |       |     9 |    11 |     2 ||    26
   Stab: Confused          |       |       |       |       |     3 |       ||     3
 Armour: Robe              |    10 |    32 |    21 |       |       |       ||    63
         Leather armour    |       |       |    18 |    75 |   244 |    49 ||   386
  Dodge: Dodged            |    12 |    37 |    66 |   137 |   298 |    58 ||   608
  Block: Other             |       |       |       |       |       |     3 ||     3

Levels and vault maps discovered:
D:1:      mrwooster_arrival_statue, layout_loops_corners, serial_bayou_lake_a
D:2:      layout_loops_ring, minmay_misc_feat_x
D:3:      minmay_door_path, layout_loops_ring, nicolae_qazlal_eye_of_the_storm
D:4:      layout_basic, lightli_sewer_entry_pipes, grunt_ministairs_14
D:5:      layout_cave_pools, brannock_xom_greatest_gift, serial_shops, shop,
          nicolae_lakefront_shop, nicolae_stop_n_shop_2, gammafunk_ghost_split,
          uniq_grinder
D:6:      layout_cave_pools, amcnicky_altar_gilded, serial_shops,
          nicolae_shop_tiny_statue_garden, hellmonk_ghost_happy_afterlife,
          uniq_jeremiah
D:7:      layout_basic, mainiacjoe_overflow_paths, minmay_temple_entry_offerings
D:8:      layout_cave_pools, kennysheep_mini_moat, serial_shops, shop,
          uniq_erica, uniq_joseph, uniq_amaemon, uniq_maggie
D:9:      layout_basic, mainiacjoe_overflow_tiny_flanked, enter_bailey_5,
          fungi_pond_lemuel
D:10:     layout_long_grid, lemuel_tele_altar, orc_0_dummy,
          nicolae_trove_entry_free_sample, gammafunk_ghost_necromancy
D:11:     layout_long_grid, minmay_lair_entry_grove, uniq_urug, uniq_psyche
D:12:     nicolae_aperiodic_l_corner, layout_gridville, serial_co_window_serial,
          co_window_corner_a, co_window_of_opportunity_a, co_window_corner_a,
          co_window_paths_a, co_window_corner_a, co_window_broadway_b,
          co_window_broadway_c, co_window_unsneaky_path_b, co_window_corner_b,
          co_window_paths_d, glass_columns_c
Temple:   bh_familiar_temple
Lair:1:   layout_layer_cave
Lair:2:   layout_long_grid, nicolae_swamp_entry_splash_gauntlet,
          grunt_forest_small_clearings, grunt_megastairs_3
Lair:3:   layout_regular_city, dummy_snake_entry, infiniplex_staircase_pool,
          lemuel_fruit_tree, lemuel_fruit_fields
Lair:4:   layout_roguey, nicolae_slime_entry_slimehenge, uniq_kirke
Lair:5:   guppyfry_lair_end_dragon, layout_hall_layers,
          hangedman_lair_caniforms_friends, serial_bayou_lagoon_a,
          grunt_megastairs_1, serial_bayou_shore_b, serial_bayou_shore_b,
          infiniplex_staircase_pool_2
Snake:1:  layout_layer_cave, serial_shops, bzr_entry_gold, grunt_megastairs_5
Snake:2:  layout_layer_cave, nicolae_snake_gridmaze_waves,
          hangedman_venom_bottle, uniq_roxanne
Orc:1:    layout_caves, serial_shops, nicolae_shop_mannequins
Orc:2:    st_orc_congregation, layout_diamond_mine, serial_shops,
          nicolae_shop_tiny_real_fake_doors, mines2_david, uniq_snorg

Notes
Turn   | Place    | Note
-------+----------+-------------------------------------------
     0 | D:1      | quinnr the Tengu Air Elementalist began the quest for the
                  | Orb.
     0 | D:1      | Reached XP level 1. HP: 10/10 MP: 4/4
   302 | D:1      | Reached XP level 2. HP: 15/15 MP: 0/6
   453 | D:1      | Reached skill level 5 in Air Magic
   728 | D:1      | Reached XP level 3. HP: 19/19 MP: 4/7
  1629 | D:2      | Reached skill level 6 in Air Magic
  2000 | D:2      | Reached XP level 4. HP: 24/24 MP: 4/8
  2509 | D:2      | Reached skill level 7 in Air Magic
  3067 | D:3      | Reached XP level 5. HP: 28/28 MP: 6/9
  3200 | D:3      | Reached skill level 1 in Fighting
  3412 | D:3      | Found a stormy altar of Qazlal.
  3489 | D:3      | Reached skill level 8 in Air Magic
  3587 | D:3      | Reached XP level 6. HP: 8/34 MP: 2/10
  3694 | D:3      | Learned a level 4 spell: Airstrike
  4157 | D:4      | Found a glowing drain.
  4162 | Sewer    | Entered a sewer
  4273 | Sewer    | Noticed Pargi
  4303 | Sewer    | Gained mutation: You are vulnerable to heat. (rF-) [potion
                  | of mutation]
  4461 | D:4      | Reached skill level 3 in Spellcasting
  4959 | D:4      | Reached skill level 9 in Air Magic
  5049 | D:4      | Learned a level 2 spell: Static Discharge
  5168 | D:4      | Reached skill level 2 in Conjurations
  5168 | D:4      | Gained mutation: Your magical flight helps you evade
                  | attacks. (EV +4) [Tengu growth]
  5168 | D:4      | Reached XP level 7. HP: 27/38 MP: 5/12
  5794 | D:4      | Reached skill level 2 in Fighting
  5794 | D:4      | Reached skill level 3 in Dodging
  5806 | D:4      | Reached skill level 3 in Stealth
  6174 | D:5      | Entered Level 5 of the Dungeon
  6174 | D:5      | Found a shimmering altar of Xom.
  6178 | D:5      | Reached skill level 3 in Fighting
  6429 | D:5      | Reached skill level 4 in Spellcasting
  6577 | D:5      | Reached XP level 8. HP: 46/46 MP: 6/15
  6753 | D:5      | Found a runed translucent gate.
  6753 | D:5      | Found a runed translucent gate.
  6753 | D:5      | Found a runed translucent gate.
  6783 | D:5      | Noticed Sundig's ghost (novice FoFi)
  6787 | D:5      | Found Jyemis's Antique Armour Shop.
  6795 | D:5      | Bought an ichor-stained leather armour for 182 gold pieces
  6795 | D:5      | Identified the +0 leather armour "Zuifoh" {rElec rF+ rC+
                  | Dex+4} (You bought it in a shop on level 5 of the Dungeon)
  6888 | D:5      | Reached skill level 1 in Evocations
  7004 | D:5      | Noticed Grinder
  7113 | D:5      | Learned a level 3 spell: Swiftness
  7123 | D:5      | Found Gank's Armour Shop.
  7143 | D:5      | Killed Grinder
  7144 | D:5      | Reached skill level 4 in Fighting
  7144 | D:5      | Reached skill level 3 in Evocations
  7384 | D:5      | Found Vaesusei's Antique Armour Emporium.
  7476 | D:6      | Found Quibex's Armour Boutique.
  7481 | D:6      | Reached skill level 10 in Air Magic
  7636 | D:6      | Reached skill level 4 in Evocations
  7765 | D:6      | Identified the storm talisman "Batow" {+Blink rN++ Will-}
  7894 | D:6      | Reached skill level 5 in Evocations
  7916 | D:6      | Noticed Jeremiah
  7992 | D:6      | Found an opulent altar of Gozag.
  8014 | D:6      | Reached XP level 9. HP: 27/52 MP: 2/16
  8195 | D:6      | Reached skill level 5 in Fighting
  8546 | D:6      | Noticed dialectric's ghost (novice TrSh)
  8566 | D:6      | Killed Jeremiah
  8567 | D:6      | Reached skill level 5 in Spellcasting
  8592 | D:6      | Found a runed translucent door.
  9014 | D:7      | Found an ancient bone altar of Kikubaaqudgha.
  9181 | D:7      | Found a staircase to the Ecumenical Temple.
  9196 | Temple   | Entered the Ecumenical Temple
  9203 | Temple   | Learned a level 5 spell: Freezing Cloud
  9232 | Temple   | Became a worshipper of Vehumet
  9449 | D:7      | Reached skill level 6 in Spellcasting
  9449 | D:7      | Reached skill level 1 in Ice Magic
  9472 | D:7      | Reached skill level 3 in Conjurations
  9610 | D:7      | Reached skill level 2 in Ice Magic
  9612 | D:7      | Reached skill level 4 in Conjurations
 10314 | D:8      | Noticed Joseph
 10449 | D:7      | Reached skill level 5 in Conjurations
 10449 | D:7      | Reached skill level 3 in Ice Magic
 10845 | D:8      | Noticed Erica
 10848 | D:8      | Killed Erica
 10849 | D:8      | Reached skill level 6 in Conjurations
 10849 | D:8      | Reached skill level 5 in Ice Magic
 10849 | D:8      | Reached XP level 10. HP: 59/59 MP: 7/20
 10850 | D:8      | Noticed a two-headed ogre
 11449 | D:8      | Killed Joseph
 11450 | D:8      | Reached skill level 6 in Ice Magic
 11616 | D:8      | Noticed Amaemon
 11618 | D:8      | Noticed an orange demon
 11632 | D:8      | Killed Amaemon
 11633 | D:8      | Reached skill level 6 in Fighting
 11763 | D:8      | Killed an orange demon
 11764 | D:8      | Reached skill level 7 in Fighting
 11824 | D:8      | Noticed Maggie
 11828 | D:8      | Killed Maggie
 11953 | D:8      | Killed a two-headed ogre
 11954 | D:8      | Reached skill level 11 in Air Magic
 12153 | D:8      | Found Goyll's Assorted Antiques.
 12290 | D:8      | Found a basalt altar of Yredelemnul.
 12338 | D:9      | Reached * piety under Vehumet
 12338 | D:9      | Offered knowledge of Freeze by Vehumet.
 12344 | D:9      | Found a flagged portal.
 12353 | Bailey   | Entered a bailey
 12598 | Bailey   | Reached skill level 12 in Air Magic
 12892 | Bailey   | Reached XP level 11. HP: 67/67 MP: 9/21
 13438 | Bailey   | Reached skill level 7 in Spellcasting
 13904 | Bailey   | Identified the +1 robe of the Hippogriff {rPois rN++ Str-4
                  | Dex+3}
 14226 | D:9      | Noticed a green ugly thing
 14230 | D:9      | Killed a green ugly thing
 14230 | D:9      | Reached ** piety under Vehumet
 14230 | D:9      | Offered knowledge of Searing Ray by Vehumet.
 14306 | D:9      | Lost mutation: You are vulnerable to heat. (rF-) [potion of
                  | mutation]
 14306 | D:9      | Gained mutation: You are robust. (+10% HP) [potion of
                  | mutation]
 14306 | D:9      | Gained mutation: Your mind is acute. (Int +4, Str/Dex -1)
                  | [potion of mutation]
 14334 | D:9      | Reached skill level 8 in Spellcasting
 14925 | D:9      | Found a sacrificial altar of Ru.
 15095 | D:10     | Entered Level 10 of the Dungeon
 15171 | D:10     | Identified the +0 scale mail of the Alphagorgon {Drain
                  | +Blink Regen+}
 15223 | D:10     | Found a portal to a secret trove of treasure.
 15293 | D:10     | Found a runed translucent gate.
 15293 | D:10     | Found a runed translucent gate.
 15293 | D:10     | Found a runed translucent gate.
 15294 | D:10     | Noticed SirDiesAlot's ghost (journeyman OpEE)
 15575 | D:10     | Found a staircase to the Orcish Mines.
 15747 | D:10     | Reached skill level 9 in Spellcasting
 15872 | D:10     | Offered knowledge of Scorch by Vehumet.
 15880 | D:10     | Reached skill level 4 in Dodging
 15880 | D:10     | Reached skill level 4 in Stealth
 15995 | D:10     | Got the Book of Combined Lightning
 16002 | D:10     | Found a hide-covered altar of Uskayaw.
 16805 | D:11     | Noticed Psyche
 16807 | D:11     | Killed Psyche
 16905 | D:11     | Reached skill level 5 in Dodging
 16905 | D:11     | Reached skill level 5 in Stealth
 17064 | D:11     | Reached *** piety under Vehumet
 17316 | D:11     | Noticed a manticore
 17322 | D:11     | Killed a manticore
 17327 | D:11     | Reached skill level 6 in Dodging
 17327 | D:11     | Reached skill level 6 in Stealth
 17327 | D:11     | Reached XP level 12. HP: 74/79 MP: 4/26
 17681 | D:11     | Reached skill level 7 in Dodging
 17856 | D:11     | Found a staircase to the Lair.
 17912 | D:11     | Offered knowledge of Mephitic Cloud by Vehumet.
 17917 | D:11     | Learned a level 3 spell: Mephitic Cloud
 18012 | D:11     | Noticed Urug
 18020 | D:11     | Killed Urug
 18021 | D:11     | Reached skill level 8 in Dodging
 18021 | D:11     | Reached skill level 1 in Poison Magic
 18385 | D:12     | Reached skill level 2 in Poison Magic
 18385 | D:12     | Noticed a centaur warrior
 18389 | D:12     | Killed a centaur warrior
 18390 | D:12     | Reached skill level 3 in Poison Magic
 18670 | Lair:1   | Entered Level 1 of the Lair of Beasts
 18809 | Lair:1   | Reached skill level 4 in Poison Magic
 18888 | Lair:1   | Reached skill level 5 in Poison Magic
 19342 | Lair:1   | Reached skill level 6 in Poison Magic
 20522 | Lair:2   | Reached skill level 13 in Air Magic
 20909 | Lair:2   | Reached skill level 8 in Fighting
 21034 | Lair:1   | Reached **** piety under Vehumet
 21153 | Lair:2   | Offered knowledge of Inner Flame by Vehumet.
 21388 | Lair:2   | Reached XP level 13. HP: 85/85 MP: 17/27
 21795 | Lair:2   | Reached skill level 7 in Conjurations
 22010 | Lair:2   | Found a staircase to the Swamp.
 22151 | Lair:3   | Reached skill level 7 in Ice Magic
 22171 | Lair:3   | Reached skill level 14 in Air Magic
 22627 | Lair:3   | Reached skill level 6 in Evocations
 23281 | Lair:2   | Reached skill level 7 in Evocations
 24208 | Lair:3   | Found a staircase to the Snake Pit.
 24504 | Lair:3   | Reached skill level 9 in Fighting
 25593 | Lair:4   | Reached skill level 10 in Spellcasting
 25945 | Lair:4   | Noticed Kirke
 25949 | Lair:4   | Reached ***** piety under Vehumet
 25961 | Lair:4   | Offered knowledge of Fulminant Prism by Vehumet.
 26264 | Lair:4   | Found a staircase to the Slime Pits.
 26266 | Lair:4   | Found a viscous altar of Jiyva.
 26271 | Lair:4   | Reached skill level 15 in Air Magic
 26381 | Lair:5   | Entered Level 5 of the Lair of Beasts
 26831 | Lair:5   | Reached XP level 14. HP: 94/94 MP: 7/29
 27394 | Lair:4   | Killed Kirke
 27395 | Lair:4   | Reached skill level 7 in Stealth
 27519 | Lair:4   | Reached skill level 9 in Dodging
 28167 | Lair:5   | Reached skill level 10 in Fighting
 28552 | Lair:4   | Found a staircase to the Slime Pits.
 28552 | Lair:4   | Found a viscous altar of Jiyva.
 28756 | Lair:5   | Reached skill level 8 in Stealth
 29470 | Lair:4   | Learned a level 2 spell: Poisonous Vapours
 30001 | Lair:5   | Reached skill level 10 in Dodging
 30159 | Lair:5   | Learned a level 3 spell: Ignite Poison
 30667 | Lair:5   | Reached skill level 1 in Fire Magic
 30675 | Lair:5   | Reached skill level 1 in Transmutations
 31089 | Lair:5   | Offered knowledge of Plasma Beam by Vehumet.
 31214 | Lair:5   | Learned a level 6 spell: Plasma Beam
 31233 | Lair:5   | Reached skill level 2 in Fire Magic
 31234 | Lair:5   | Reached skill level 9 in Stealth
 31582 | Lair:5   | Reached skill level 11 in Fighting
 31631 | Lair:5   | Reached skill level 2 in Transmutations
 32123 | Lair:5   | Identified 2 potions of resistance
 32327 | Lair:5   | Reached skill level 3 in Fire Magic
 32410 | Lair:5   | Reached XP level 15. HP: 103/103 MP: 21/30
 32464 | Lair:5   | Reached skill level 7 in Poison Magic
 32576 | Lair:5   | Identified the +0 chain mail "Juhoik" {rElec}
 32873 | Lair:4   | Found a viscous altar of Jiyva.
 32874 | Lair:4   | Found a staircase to the Slime Pits.
 33356 | Orc:1    | Entered Level 1 of the Orcish Mines
 33748 | Orc:2    | Entered Level 2 of the Orcish Mines
 33759 | Orc:2    | Reached skill level 3 in Transmutations
 33759 | Orc:2    | Noticed an orc warlord
 33905 | Orc:2    | Killed an orc warlord
 33906 | Orc:2    | Reached skill level 4 in Fire Magic
 34046 | Orc:2    | Found a staircase to the Elven Halls.
 35191 | Orc:2    | Reached skill level 5 in Fire Magic
 35291 | Orc:2    | Offered knowledge of Orb of Destruction by Vehumet.
 35481 | Orc:2    | Reached skill level 4 in Transmutations
 35921 | Orc:2    | Reached skill level 8 in Poison Magic
 36117 | Orc:2    | Found Oqioli's Antique Armour Boutique.
 36118 | Orc:2    | Found Ycutz's Antique Weapon Boutique.
 36120 | Orc:2    | Found Heul's General Store.
 36120 | Orc:2    | Found Tacokodu's Book Shop.
 36137 | Orc:2    | Bought a book of Storms for 364 gold pieces
 36188 | Orc:2    | Learned a level 4 spell: Summon Lightning Spire
 36474 | Orc:2    | Noticed an orc warlord
 36786 | Orc:2    | Killed an orc warlord
 36787 | Orc:2    | Reached skill level 1 in Summonings
 37078 | Orc:2    | Noticed Snorg
 37083 | Orc:2    | Killed Snorg
 37163 | Orc:2    | Found Lewiastre's Weapon Emporium.
 37366 | Orc:2    | Bought a pair of bloodstained gloves for 237 gold pieces
 37366 | Orc:2    | Identified the +3 pair of gloves "Wixeram" {rPois rC++
                  | Int-5 Slay+2} (You bought it in a shop on level 2 of the
                  | Orcish Mines)
 37582 | Snake:1  | Entered Level 1 of the Snake Pit
 37730 | Snake:1  | Reached skill level 2 in Summonings
 38054 | Snake:1  | Found a flickering gateway to a bazaar.
 38063 | Bazaar   | Entered a bazaar
 38063 | Bazaar   | Found Cih Qeelo's Antique Armour Shoppe.
 38063 | Bazaar   | Found Huikhluff's Antique Armour Emporium.
 38073 | Bazaar   | Found Lutsumig's Assorted Antiques.
 38099 | Bazaar   | Found Noh Wiv's Book Emporium.
 38113 | Bazaar   | Found Cugrung's Distillery.
 38121 | Bazaar   | Bought a potion of haste for 160 gold pieces
 38121 | Bazaar   | Bought a potion of heal wounds for 80 gold pieces
 38135 | Bazaar   | Bought a book of Dangerous Friends for 440 gold pieces
 38154 | Bazaar   | Bought a potion of invisibility for 144 gold pieces
 38154 | Bazaar   | Bought a scroll of teleportation for 54 gold pieces
 38154 | Bazaar   | Bought a potion of mutation for 144 gold pieces
 38154 | Bazaar   | Bought a potion of curing for 54 gold pieces
 38724 | Snake:1  | Reached skill level 3 in Summonings
 39282 | Snake:1  | Offered knowledge of Iskenderun's Battlesphere by Vehumet.
 39522 | Snake:1  | Reached skill level 5 in Transmutations
 40141 | Snake:1  | Reached skill level 4 in Summonings
 40677 | Snake:1  | Reached skill level 9 in Poison Magic
 41255 | Snake:2  | Reached skill level 5 in Summonings
 41455 | Snake:2  | Reached skill level 11 in Spellcasting
 41569 | Snake:2  | Reached XP level 16. HP: 63/110 MP: 13/32
 42107 | Snake:2  | Identified the granite talisman of Uddik {rC+}
 42107 | Snake:2  | Noticed Roxanne
 42503 | Snake:2  | Reached skill level 6 in Summonings
 42907 | Snake:2  | Found a huge runed translucent gate.
 42907 | Snake:2  | Found a huge runed translucent gate.
 42909 | Snake:2  | Found a huge runed translucent gate.
 42909 | Snake:2  | Found a huge runed translucent gate.
 42948 | Snake:2  | Found a huge runed translucent gate.
 43257 | Snake:2  | Reached skill level 10 in Poison Magic
 44111 | Snake:2  | Reached skill level 12 in Spellcasting
 44112 | Snake:2  | HP: 1/110 [black mamba (13)]
 44113 | Snake:1  | Succumbed to a black mamba's poison

Vanquished Creatures
  Kirke (Lair:4)
  An orc warlord (Orc:2)
  Snorg (Orc:2)
  A fire dragon (Lair:5)
  4 hydras
  A catoblepas (Lair:4)
  An alligator (Lair:5)
  A centaur warrior (D:12)
  Erica (D:8)
  A two-headed ogre (D:8)
  An anaconda (Snake:1)
  3 orc high priests (Orc:2)
  6 death yaks
  6 naga sharpshooters
  Urug (D:11)
  A skyshark (Lair:3)
  9 shock serpents
  Amaemon (D:8)
  A bog body (Lair:2)
  3 naga ritualists
  A swamp dragon (Lair:5)
  6 mana vipers (Snake:2)
  3 orc knights (Orc:2)
  A manticore (D:11)
  An ugly thing (D:9)
  5 orc sorcerers (Orc:2)
  5 salamanders
  A cyclops (D:11)
  14 elephants
  21 black mambas
  Joseph (D:8)
  A guardian serpent (Snake:2)
  10 naga magi
  Maggie (D:8)
  4 rime drakes
  An unseen horror (D:11)
  An orange demon (D:8)
  Jeremiah (D:6)
  Psyche (D:11)
  6 cane toads
  15 komodo dragons
  Grinder (D:5)
  27 blink frogs
  10 dream sheep
  9 polar bears (Lair:5)
  A raiju (Lair:5)
  2 shadows
  8 wyverns
  53 yaks
  7 basilisks
  A vampire (D:11)
  5 hogs (Lair:4)
  3 vampire mosquitoes (D:11)
  4 steam dragons
  6 wargs (Lair:5)
  15 nagas
  2 swamp worms (Lair:2)
  14 hell hounds (Lair:5)
  4 acid dragons (Lair:5)
  14 water moccasins
  A swamp drake (Lair:5)
  36 orc warriors
  7 ogres
  A sky beast (D:6)
  17 black bears
  28 wolves
  2 phantoms
  7 centaurs
  3 kobold brigands
  7 bullfrogs
  7 gnoll sergeants (Bailey)
  2 scorpions
  11 wights
  8 killer bees
  4 electric eels
  5 howler monkeys
  3 hounds
  8 jellies
  25 orc priests
  8 gnoll boudas
  2 sleepcaps
  4 iguanas
  25 orc wizards
  11 hell rats
  30 gnolls
  19 adders
  2 river rats (D:4)
  A white imp (D:6)
  4 ufetubi
  8 worms
  4 dart slugs
  76 orcs
  14 endoplasms
  2 giant cockroaches
  15 goblins
  12 hobgoblins
  3 jackals (D:1)
  18 kobolds
  6 quokkas
  5 ball pythons
  6 bats (D:1)
  5 frilled lizards
  4 rats
  2 butterflies (Lair:3)
799 creatures vanquished.

Vanquished Creatures (collateral kills)
  An orc warlord (Orc:2)
  An anaconda (Lair:3)
  A naga warrior (Snake:1)
  A mana viper (Snake:1)
  2 black mambas
  An orc warrior (Orc:2)
  An orc wizard (Orc:2)
  2 orcs (Orc:2)
10 creatures vanquished.

Grand Total: 809 creatures vanquished

Table legend: (Time is in decaauts)
 A = Elapsed time spent in this place.
 B = Non-inter-level travel time spent in this place.
 C = Inter-level travel time spent in this place.
 D = Time resting spent in this place.
 E = Time spent auto-exploring this place.
 F = Levels seen in this place.
 G = Mean time per level.
                   A        B        C        D        E       F      G
               +--------+--------+--------+--------+--------+-----+--------+
         Total |  44279 |  41753 |   2526 |   9894 |  25908 |  25 | 1771.2 |
       Dungeon |  16962 |  15799 |   1163 |   2099 |  11627 |  12 | 1413.5 |
        Temple |     65 |     17 |     48 |      0 |      0 |   1 |   65.0 |
          Lair |  16166 |  15178 |    988 |   4980 |   8196 |   5 | 3233.2 |
     Snake Pit |   4949 |   4823 |    126 |   1315 |   2943 |   2 | 2474.5 |
  Orcish Mines |   3957 |   3758 |    199 |    961 |   2063 |   2 | 1978.5 |
        Bazaar |    122 |    122 |      0 |      0 |     57 |   1 |  122.0 |
         Sewer |    302 |    302 |      0 |    127 |     11 |   1 |  302.0 |
        Bailey |   1753 |   1753 |      0 |    412 |   1010 |   1 | 1753.0 |
               +--------+--------+--------+--------+--------+-----+--------+

Top non-repeatable levels by time:
  Lair:4: 3981 daAuts
  Lair:5: 3571 daAuts
  Lair:2: 3528 daAuts
  Lair:3: 3424 daAuts
   Orc:2: 3358 daAuts
 Snake:1: 2997 daAuts
     D:4: 2226 daAuts
     D:7: 1988 daAuts
    D:10: 1970 daAuts
 Snake:2: 1952 daAuts
    D:11: 1782 daAuts
  Bailey: 1753 daAuts
  Lair:1: 1659 daAuts
     D:5: 1613 daAuts
     D:1: 1506 daAuts

Table legend:
 A = Non-vault XP
 B = Vault XP
 C = Vault XP percentage of total XP
 D = Non-vault monster count
 E = Vault monster count
 F = Vault count percentage of total count
                 A         B        C        D         E       F
            +---------+---------+-------+---------+---------+-------
      Total |   96802 |   48933 |  33.6 |     532 |     275 |  34.1
            +---------+---------+-------+---------+---------+-------
        D:1 |      54 |       0 |   0.0 |      29 |       0 |   0.0
        D:2 |      90 |       0 |   0.0 |      26 |       0 |   0.0
        D:3 |     126 |      58 |  31.5 |      21 |       4 |  16.0
        D:4 |     338 |     199 |  37.1 |      22 |      11 |  33.3
        D:5 |     709 |     286 |  28.7 |      16 |       1 |   5.9
        D:6 |     781 |     388 |  33.2 |      29 |       1 |   3.3
        D:7 |    1313 |       0 |   0.0 |      22 |       0 |   0.0
        D:8 |    1579 |    2869 |  64.5 |      11 |       5 |  31.2
        D:9 |    1421 |       8 |   0.6 |      20 |       4 |  16.7
       D:10 |    3504 |       0 |   0.0 |      24 |       0 |   0.0
       D:11 |    2998 |    2627 |  46.7 |      18 |      12 |  40.0
       D:12 |    1395 |       0 |   0.0 |       6 |       0 |   0.0
     Lair:1 |    3640 |       0 |   0.0 |      13 |       0 |   0.0
     Lair:2 |    6540 |    2908 |  30.8 |      32 |      12 |  27.3
     Lair:3 |   10446 |     844 |   7.5 |      36 |       1 |   2.7
     Lair:4 |   13196 |    4042 |  23.4 |      42 |      17 |  28.8
     Lair:5 |    8665 |   18366 |  67.9 |      32 |      81 |  71.7
    Snake:1 |   16392 |     452 |   2.7 |      32 |       1 |   3.0
    Snake:2 |   19255 |    1785 |   8.5 |      40 |       4 |   9.1
      Orc:1 |     981 |       0 |   0.0 |      13 |       0 |   0.0
      Orc:2 |    3379 |   12197 |  78.3 |      48 |      77 |  61.6
      Sewer |       0 |      18 | 100.0 |       0 |       5 | 100.0
     Bailey |       0 |    1886 | 100.0 |       0 |      39 | 100.0
            +---------+---------+-------+---------+---------+-------

Levels and vault maps discovered:
D:1:      mrwooster_arrival_statue, layout_loops_corners, serial_bayou_lake_a
D:2:      layout_loops_ring, minmay_misc_feat_x
D:3:      minmay_door_path, layout_loops_ring, nicolae_qazlal_eye_of_the_storm
D:4:      layout_basic, lightli_sewer_entry_pipes, grunt_ministairs_14
D:5:      layout_cave_pools, brannock_xom_greatest_gift, serial_shops, shop,
          nicolae_lakefront_shop, nicolae_stop_n_shop_2, gammafunk_ghost_split,
          uniq_grinder
D:6:      layout_cave_pools, amcnicky_altar_gilded, serial_shops,
          nicolae_shop_tiny_statue_garden, hellmonk_ghost_happy_afterlife,
          uniq_jeremiah
D:7:      layout_basic, mainiacjoe_overflow_paths, minmay_temple_entry_offerings
D:8:      layout_cave_pools, kennysheep_mini_moat, serial_shops, shop,
          uniq_erica, uniq_joseph, uniq_amaemon, uniq_maggie
D:9:      layout_basic, mainiacjoe_overflow_tiny_flanked, enter_bailey_5,
          fungi_pond_lemuel
D:10:     layout_long_grid, lemuel_tele_altar, orc_0_dummy,
          nicolae_trove_entry_free_sample, gammafunk_ghost_necromancy
D:11:     layout_long_grid, minmay_lair_entry_grove, uniq_urug, uniq_psyche
D:12:     nicolae_aperiodic_l_corner, layout_gridville, serial_co_window_serial,
          co_window_corner_a, co_window_of_opportunity_a, co_window_corner_a,
          co_window_paths_a, co_window_corner_a, co_window_broadway_b,
          co_window_broadway_c, co_window_unsneaky_path_b, co_window_corner_b,
          co_window_paths_d, glass_columns_c
Temple:   bh_familiar_temple
Lair:1:   layout_layer_cave
Lair:2:   layout_long_grid, nicolae_swamp_entry_splash_gauntlet,
          grunt_forest_small_clearings, grunt_megastairs_3
Lair:3:   layout_regular_city, dummy_snake_entry, infiniplex_staircase_pool,
          lemuel_fruit_tree, lemuel_fruit_fields
Lair:4:   layout_roguey, nicolae_slime_entry_slimehenge, uniq_kirke
Lair:5:   guppyfry_lair_end_dragon, layout_hall_layers,
          hangedman_lair_caniforms_friends, serial_bayou_lagoon_a,
          grunt_megastairs_1, serial_bayou_shore_b, serial_bayou_shore_b,
          infiniplex_staircase_pool_2
Snake:1:  layout_layer_cave, serial_shops, bzr_entry_gold, grunt_megastairs_5
Snake:2:  layout_layer_cave, nicolae_snake_gridmaze_waves,
          hangedman_venom_bottle, uniq_roxanne
Orc:1:    layout_caves, serial_shops, nicolae_shop_mannequins
Orc:2:    st_orc_congregation, layout_diamond_mine, serial_shops,
          nicolae_shop_tiny_real_fake_doors, mines2_david, uniq_snorg
